 Dungeon Crawl Stone Soup version 0.16-a0-1212-geefc3ab (webtiles) character file.

76283 Hullio the Fencer (level 15, 0/147 HPs)
             Began as a Demonspawn Berserker on Oct 12, 2014.
             Was the Champion of Trog.
             Killed by divine providence
             ... invoked by an orc high priest
              (12 damage)
             ... on level 4 of the Orcish Mines.
             The game lasted 02:03:49 (27150 turns).

Hullio the Fencer (Demonspawn Berserker)           Turns: 27150, Time: 02:03:49

Health: 0/147      AC: 23    Str: 29    XL:     15   Next: 12%
Magic:  5/5        EV: 24    Int:  8    God:    Trog [******]
Gold:   2620       SH:  5    Dex: 25    Spells: 0 memorised, 14 levels left

rFire  + . .     SeeInvis +     d - +8 falchion of Crykhipi {antimagic, rElec rC+ rN+ SInv}
rCold  + + .     Clarity  .     n - +5 scale mail of Necoga {rC+ Dex+3}
rNeg   + . .     SustAb   .     l - +0 buckler
rPois  .         Gourm    .     (helmet unavailable)
rElec  +         Spirit   .     x - +1 cloak (curse)
rCorr  .         Warding  .     q - +1 pair of gloves {Str+3}
rMut   .         Stasis   .     Y - +0 pair of boots
MR     +....                    (no amulet)
Stlth  ..........               C - +6 ring of dexterity
                                g - ring of protection from fire

@: berserking, very quick, somewhat resistant to hostile enchantments, extremely
unstealthy
A: horns 3, yellow scales 2, foul stench 1, powered by death 3, rot immunity
a: Burn Spellbooks, Berserk, Trog's Hand, Brothers in Arms, Renounce Religion


You were on level 4 of the Orcish Mines.
You worshipped Trog.
Trog was exalted by your worship.
You were not hungry.

You visited 3 branches of the dungeon, and saw 25 of its levels.
You also visited: Ossuary and Volcano.

You collected 2902 gold pieces.
You spent 282 gold pieces at shops.

Inventory:

Hand weapons
 b - the +11 whip "Eraziunu" {drain, Int+2}
   (You took it off a gnoll on level 8 of the Dungeon)

   A truly terrible weapon, it drains the life of those it strikes.
   It affects your intelligence (+2).
 d - the +8 falchion of Crykhipi (weapon) {antimagic, rElec rC+ rN+ SInv}
   (Trog gifted it to you on level 1 of the Lair of Beasts)

   It disrupts the flow of magical energy around spellcasters and certain
   magical creatures (including the wielder).
   It protects you from cold.
   It insulates you from electricity.
   It protects you from negative energy.
   It enhances your eyesight.
 P - a +3 great sword of freezing
Missiles
 z - 5 poisoned javelins (quivered)
Armour
 l - a +0 buckler (worn)
 n - the +5 scale mail of Necoga (worn) {rC+ Dex+3}
   (You bought it in a shop on level 4 of the Dungeon)

   It affects your dexterity (+3).
   It protects you from cold.
 q - a +1 pair of gloves of strength (worn)
 x - a cursed +1 cloak (worn)
 y - a +0 chain mail of fire resistance
 Y - a +0 pair of boots (worn)
Magical devices
 t - a wand of teleportation (5)
 D - a wand of disintegration (13)
 G - a wand of lightning (3)
 O - a wand of fire (4)
 Q - a wand of paralysis (6)
Comestibles
 f - 9 meat rations
 v - 14 bread rations
 w - 2 chunks of orc flesh
 K - 2 beef jerkies
Scrolls
 e - a scroll of identify
 h - 7 scrolls of teleportation
 i - 4 scrolls of recharging
 p - a scroll of holy word
 r - 5 scrolls of fear
 B - 2 scrolls of magic mapping
 E - 2 scrolls of silence
 H - 2 scrolls of blinking
 L - a scroll of immolation
 S - 3 scrolls of remove curse
 V - a scroll of enchant weapon
 Z - a scroll of fog
Jewellery
 g - a ring of protection from fire (left hand)
 C - a +6 ring of dexterity (right hand)
 F - an uncursed ring of protection from cold
 I - an uncursed ring of protection from cold
 T - an uncursed ring of poison resistance
Potions
 a - a potion of might
 c - 10 potions of curing
 j - 2 potions of berserk rage
 k - 4 potions of brilliance
 m - a potion of flight
 o - a potion of cancellation
 s - 7 potions of heal wounds
 u - 3 potions of restore abilities
 A - a potion of agility
 J - a potion of magic
 N - 3 potions of invisibility
 X - 2 potions of haste


   Skills:
 - Level 3.0 Fighting
 - Level 16.3 Long Blades
 + Level 9.9 Armour
 - Level 15.3 Dodging


You had 14 spell levels left.
You didn't know any spells.

Dungeon Overview and Level Annotations

Branches:
Dungeon (13/15)            Temple (0/1) D:5             Orc (4/4) D:12
    Elf (0/3) Orc:3          Lair (8/8) D:9          Shoals (0/5) Lair:5
 Spider (0/5) Lair:6        Slime (0/6) Lair:6
 Vaults: D:13-14

Altars:
Cheibriados
Dithmenos
Fedhas
Gozag
Kikubaaqudgha
Nemelex Xobeh
Okawaru
Qazlal
Sif Muna
Trog
Vehumet
Xom
The Shining One
Beogh

Shops:
D:4 [   D:13 =**=   Orc:4 [!

Annotations:
D:4 Sigmund


Innate Abilities, Weirdness & Mutations

You have a pair of large horns on your head.
You are mostly covered in yellow scales (AC +3).
You emit a foul stench.
You can steal the life force of all defeated enemies in sight.
You are immune to rotting.


Message History

The orc priest is moderately wounded.
The orc priest invokes the aid of Beogh against you.
Pain shoots through your body!
* * * LOW HITPOINT WARNING * * *
You barely miss the orc priest.
The orc priest is moderately wounded.
You closely miss the orc priest.
The orc priest is moderately wounded.
The smoke demon gestures at you. Something smites you!
* * * LOW HITPOINT WARNING * * *
The orc priest hits you but does no damage.
You barely miss the orc priest. You headbutt the orc priest.
The orc priest is severely wounded.
The orc priest hits you but does no damage.
You closely miss the orc priest. You headbutt the orc priest.
The orc priest is almost dead.
The orc high priest invokes the aid of Beogh against you.
Something smites you!
You die...

....................))
..................)..
.######..#######.###.
#∩...#..# #.# #)
#..44#..#######.###( ..
.ooo#.......[...)))
....###)##..###.###..)).
........3)...# #..8..
....###@###.# #.....
#.oo).#.# #.###'
#.....#.. ...# ..
#.....#.## ###.# ..
#∩....#.# #.# ._
#######.# #.# ## .


You could see an orc high priest, a hellwing, a rust devil, a smoke demon and 4
orc priests.

Vanquished Creatures
  An orc warlord (Orc:4)
  The ghost of Kashira the Nimble, a powerful VSBe of Trog (Lair:4)
  4 hydras
  The ghost of Bubba the Thaumaturge, a powerful HEAE of Vehumet (D:12)
  A tengu warrior (D:13)
  7 death yaks
  5 orc high priests (Orc:4)
  2 soul eaters (Orc:4)
  7 skeletal warriors (D:12)
  4 slime creatures
  A shadow wraith (D:13)
  A deep troll (D:10)
  The ghost of Kashira the Cleaver, an experienced VSBe of Trog (Lair:1)
  An orb spider (Lair:6)
  The ghost of myeffort the Geomancer, an experienced DDEE of Makhleb (D:6)
  An orc knight (Orc:1)
  4 hill giants
  2 unseen horrors (D:13)
  An ugly thing (D:11)
  A deep elf summoner (Orc:4)
  A manticore (Volcano)
  An orc sorcerer (Orc:4)
  4 cyclopes
  2 sixfirhies (Orc:4)
  Joseph (Orc:2)
  A black mamba (Lair:6)
  2 gargoyles (D:13)
  23 spiny frogs
  An efreet (D:13)
  A queen ant (Lair:6)
  8 komodo dragons
  A tengu conjurer (D:13)
  A hellwing (Orc:4)
  A rust devil (Orc:4)
  2 two-headed ogres
  11 trolls
  4 fire drakes
  A giant leech (Lair:8)
  A polar bear (Lair:2)
  2 ravens (D:13)
  13 blink frogs
  2 wraiths
  2 spriggans
  5 basilisks
  39 yaks
  2 wyverns
  A water elemental (D:11)
  2 deep elf magi
  2 hill giant zombies
  A neqoxec (Orc:4)
  7 hippogriffs
  Eustachio (D:5)
  8 fire bats
  A shadow (D:13)
  Grum (D:11)
  9 vampire mosquitoes
  A steam dragon (D:7)
  4 deep elf fighters (Orc:4)
  2 hungry ghosts
  Menkaure (D:5)
  6 wargs
  7 soldier ants (Lair:6)
  6 porcupines
  2 ice beasts
  13 wolves
  A mottled dragon (Volcano)
  14 orc warriors
  2 yellow wasps
  3 phantoms
  8 water moccasins
  2 black bears
  14 ogres
  6 centaurs
  12 crocodiles
  A yaktaur zombie (D:13)
  3 big kobolds
  29 giant frogs
  2 gnoll sergeants
  A yaktaur skeleton (D:11)
  2 water moccasin zombies (Ossuary)
  7 scorpions
  A yak zombie (D:8)
  9 killer bees (D:10)
  22 wights
  2 hippogriff skeletons
  11 electric eels
  6 crimson imps
  A goliath beetle (D:9)
  3 jellies
  A basilisk zombie (D:11)
  A two-headed ogre zombie (D:6)
  A giant frog skeleton (D:11)
  14 iguanas
  17 hounds
  30 orc priests
  21 orc wizards
  2 quasits
  39 worker ants
  22 sheep
  A killer bee zombie (D:9)
  3 big kobold zombies
  A crocodile zombie (D:9)
  2 ogre skeletons
  5 mummies
  A worker ant zombie (D:10)
  27 adders
  A hound skeleton (D:7)
  11 gnolls
  32 green rats
  2 giant mites
  3 shadow imps
  3 worms
  An iguana skeleton (D:7)
  4 giant geckos
  An ooze (D:3)
  174 orcs
  16 bats
  A bat skeleton (D:5)
  12 giant cockroaches
  24 goblins
  24 hobgoblins
  33 kobolds
  13 quokkas
  A ball python skeleton (D:5)
  10 giant newts
  A giant spore (D:12)
  3 gnoll zombies (Ossuary)
  A goblin skeleton (D:4)
  6 hobgoblin zombies
  17 jackals
  5 kobold zombies
  6 orc zombies
  13 rats
  8 ballistomycetes
  2 plants
1032 creatures vanquished.

Vanquished Creatures (others)
  2 giant spores (D:10)
  9 fungi (Lair:8)
  5 plants
16 creatures vanquished.

Grand Total: 1048 creatures vanquished

Notes
Turn   | Place    | Note
--------------------------------------------------------------
     0 | D:1      | Hullio, the Demonspawn Berserker, began the quest for the Orb.
     0 | D:1      | Reached XP level 1. HP: 18/18 MP: 1/1
   241 | D:1      | Gained mutation: You are partially covered in yellow scales (AC +2). [demonic ancestry]
   241 | D:1      | Reached XP level 2. HP: 20/24 MP: 2/2
   805 | D:1      | Acquired Trog's second power
  1078 | D:1      | Gained mutation: You have a pair of small horns on your head. [demonic ancestry]
  1078 | D:1      | Reached XP level 3. HP: 29/29 MP: 3/3
  1249 | D:2      | Reached skill level 4 in Long Blades
  2064 | D:2      | Gained mutation: You can steal the life force of nearby defeated enemies. [demonic ancestry]
  2064 | D:2      | Reached XP level 4. HP: 35/35 MP: 4/4
  2240 | D:2      | Found a blossoming altar of Fedhas.
  2504 | D:2      | Reached skill level 5 in Long Blades
  2717 | D:2      | Gained mutation: You can steal the life force of defeated enemies. [demonic ancestry]
  2717 | D:2      | Reached XP level 5. HP: 4/41 MP: 5/5
  3381 | D:3      | Reached skill level 6 in Long Blades
  3442 | D:3      | Acquired Trog's third power
  3524 | D:3      | Reached XP level 6. HP: 47/47 MP: 6/6
  4067 | D:4      | Reached skill level 7 in Long Blades
  4087 | D:4      | Found Edditweo's Antique Armour Boutique.
  4201 | D:4      | Bought a jasper-encrusted scale mail for 225 gold pieces
  4212 | D:4      | Identified the +5 scale mail of Necoga {rC+ Dex+3} (You bought it in a shop on level 4 of the Dungeon)
  4351 | D:4      | Found a sparkling altar of Nemelex Xobeh.
  4378 | D:4      | Gained mutation: You have a pair of horns on your head. [demonic ancestry]
  4378 | D:4      | Reached XP level 7. HP: 35/52 MP: 7/7
  4450 | D:4      | Noticed Sigmund
  4455 | D:4      | Found a sand-covered staircase.
  4461 | Ossuary  | Entered an ossuary
  4806 | Ossuary  | Reached skill level 8 in Long Blades
  5461 | D:5      | Entered Level 5 of the Dungeon
  5500 | D:5      | Found a staircase to the Ecumenical Temple.
  5558 | D:5      | Noticed Eustachio
  5567 | D:5      | Killed Eustachio
  5567 | D:5      | Reached skill level 9 in Long Blades
  5567 | D:5      | Reached XP level 8. HP: 58/58 MP: 8/8
  5640 | D:5      | Received a gift from Trog
  6243 | D:5      | Noticed Menkaure
  6249 | D:5      | Killed Menkaure
  6249 | D:5      | Reached skill level 10 in Long Blades
  6392 | D:5      | Found an ancient bone altar of Kikubaaqudgha.
  6393 | D:5      | Found a glowing golden altar of the Shining One.
  6396 | D:5      | Found a deep blue altar of Sif Muna.
  6396 | D:5      | Found a blossoming altar of Fedhas.
  6396 | D:5      | Found an opulent altar of Gozag.
  6397 | D:5      | Found a snail-covered altar of Cheibriados.
  6398 | D:5      | Found a shadowy altar of Dithmenos.
  6399 | D:5      | Found a radiant altar of Vehumet.
  6679 | D:6      | Noticed myeffort's ghost (experienced DDEE)
  6697 | D:6      | Killed myeffort's ghost
  6697 | D:6      | Reached skill level 11 in Long Blades
  6697 | D:6      | Reached XP level 9. HP: 63/63 MP: 9/9
  6825 | D:6      | Found a stormy altar of Qazlal.
  6825 | D:6      | Found an iron altar of Okawaru.
  7957 | D:7      | Reached skill level 5 in Armour
  8127 | D:7      | Received a gift from Trog
  8466 | D:8      | Reached skill level 12 in Long Blades
  8544 | D:8      | Found a shimmering altar of Xom.
  8684 | D:8      | Gained mutation: You can steal the life force of all defeated enemies in sight. [demonic ancestry]
  8684 | D:8      | Reached XP level 10. HP: 70/70 MP: 10/10
  9038 | D:8      | Got a crude whip {drain}
  9039 | D:8      | Identified the +11 whip "Eraziunu" {drain, Int+2} (You took it off a gnoll on level 8 of the Dungeon)
  9463 | D:9      | Found a staircase to the Lair.
  9490 | D:9      | Received a gift from Trog
  9613 | D:9      | Noticed a death yak
  9620 | D:9      | Reached skill level 13 in Long Blades
  9626 | D:9      | Killed a death yak
 10380 | D:9      | Reached skill level 14 in Long Blades
 10479 | D:10     | Entered Level 10 of the Dungeon
 10526 | D:10     | Gained mutation: You have a pair of large horns on your head. [demonic ancestry]
 10526 | D:10     | Reached XP level 11. HP: 67/75 MP: 11/11
 10527 | D:10     | Received a gift from Trog
 10814 | Lair:1   | Entered Level 1 of the Lair of Beasts
 10814 | Lair:1   | Noticed Kashira's ghost (experienced VSBe)
 10817 | Lair:1   | Killed Kashira's ghost
 11501 | Lair:1   | Reached skill level 15 in Long Blades
 11642 | Lair:1   | Noticed a five-headed hydra
 11973 | D:9      | Killed a five-headed hydra
 12684 | Lair:1   | Noticed a five-headed hydra
 12692 | Lair:1   | Killed a five-headed hydra
 12789 | Lair:1   | Received a gift from Trog
 12807 | Lair:1   | Reached skill level 16 in Long Blades
 12992 | Lair:1   | Got a shimmering falchion {god gift}
 12993 | Lair:1   | Identified the +8 falchion of Crykhipi {antimagic, rElec rC+ rN+ SInv} (Trog gifted it to you on level 1 of the Lair of Beasts)
 13599 | Lair:2   | Gained mutation: You are immune to rotting. [demonic ancestry]
 13599 | Lair:2   | Reached XP level 12. HP: 81/81 MP: 4/12
 14468 | Lair:3   | Reached skill level 5 in Dodging
 14477 | Lair:3   | Found a dark tunnel.
 14489 | Volcano  | Entered a volcano
 15332 | Lair:3   | Received a gift from Trog
 15759 | Lair:4   | Noticed a five-headed hydra
 15767 | Lair:4   | Killed a five-headed hydra
 15826 | Lair:4   | Noticed Kashira's ghost (powerful VSBe)
 15842 | Lair:4   | Killed Kashira's ghost
 16968 | Lair:5   | Found a staircase to the Shoals.
 16977 | Lair:5   | Received a gift from Trog
 18101 | Lair:6   | Found a hole to the Spider Nest.
 18135 | Lair:6   | Reached skill level 10 in Dodging
 18135 | Lair:6   | Reached XP level 13. HP: 84/86 MP: 4/13
 18776 | Lair:6   | Found a staircase to the Slime Pits.
 19283 | Lair:7   | Identified a scroll of acquirement
 19496 | Lair:8   | Entered Level 8 of the Lair of Beasts
 19701 | Lair:8   | Received a gift from Trog
 20955 | D:10     | Received a gift from Trog
 21364 | D:10     | Noticed a deep troll
 21390 | D:10     | Gained mutation: You emit a foul stench. [demonic ancestry]
 21390 | D:10     | Reached XP level 14. HP: 18/93 MP: 4/14
 21432 | D:10     | Killed a deep troll
 22230 | D:11     | Noticed Grum
 22243 | D:11     | Killed Grum
 22740 | D:12     | Found a staircase to the Orcish Mines.
 22835 | D:12     | Got a pitted lead ring
 22837 | D:12     | Identified the ring "Ceipsul" {+Inv Int+3 SInv} (You acquired it on level 12 of the Dungeon)
 22931 | D:12     | Received a gift from Trog
 23000 | D:12     | Noticed Bubba's ghost (powerful HEAE)
 23133 | D:12     | Killed Bubba's ghost
 23466 | D:12     | Got an ominously black robe
 23477 | D:12     | Identified the +2 robe of the Elven Halls {Str+4 Dex+3} (You found it on level 12 of the Dungeon)
 23513 | D:12     | Reached skill level 15 in Dodging
 23965 | D:13     | Found Meegos' General Store.
 23968 | D:13     | Bought a potion of heal wounds for 57 gold pieces
 24090 | D:13     | Found Fraocsab's Jewellery Shoppe.
 24218 | D:13     | Found Fraw's Assorted Antiques.
 24590 | D:13     | Found Tocesad's Jewellery Emporium.
 24782 | Orc:1    | Entered Level 1 of the Orcish Mines
 24858 | Orc:2    | Noticed Joseph
 24879 | Orc:2    | Killed Joseph
 24907 | Orc:2    | Received a gift from Trog
 25155 | Orc:3    | Found a staircase to the Elven Halls.
 25361 | Orc:3    | Found a bloodstained altar of Trog.
 25896 | Orc:1    | Received a gift from Trog
 26131 | Orc:1    | Received a gift from Trog
 26301 | Orc:4    | Entered Level 4 of the Orcish Mines
 26573 | Orc:4    | Found a radiant altar of Vehumet.
 26757 | Orc:4    | Found a roughly hewn altar of Beogh.
 26885 | Orc:4    | Received a gift from Trog
 26885 | Orc:4    | Gained mutation: You are mostly covered in yellow scales (AC +3). [demonic ancestry]
 26885 | Orc:4    | Reached XP level 15. HP: 86/98 MP: 5/15
 26908 | Orc:4    | Noticed an orc warlord
 26936 | Orc:4    | Killed an orc warlord
 27027 | Orc:4    | Found an iron altar of Okawaru.
 27042 | Orc:4    | Received a gift from Trog
 27124 | Orc:4    | Found Ema Sam's Antique Armour Boutique.
 27124 | Orc:4    | Found Offofoa's Distillery.
 27148 | Orc:4    | HP: 7/147 [smoke demon/divine providence[an orc high priest] (13)]
 27150 | Orc:4    | Killed from afar by an orc high priest

Action                   |  1- 3 |  4- 6 |  7- 9 | 10-12 | 13-15 || total
-------------------------+-------+-------+-------+-------+-------++-------
Melee: Falchion          |   143 |   254 |   487 |   426 |  1607 ||  2917
       Triple sword      |       |       |    14 |   128 |       ||   142
       Whip              |       |       |       |   255 |     3 ||   258
Throw: Javelin           |       |       |     1 |     7 |     5 ||    13
Invok: Berserk           |     2 |     7 |     7 |    18 |    11 ||    45
       Burn Spellbooks   |       |       |     3 |     1 |     1 ||     5
  Use: Potion            |     2 |     4 |       |     4 |     1 ||    11
       Scroll            |       |     7 |    11 |    13 |     9 ||    40
 Stab: Sleeping          |     1 |       |       |       |       ||     1
       Invisible         |     1 |       |       |       |       ||     1
  Eat: Chunk             |     1 |    10 |     8 |    22 |    17 ||    58
       Bread ration      |     1 |     1 |     1 |     2 |       ||     5
       Beef jerky        |       |     1 |     1 |       |     4 ||     6
       Meat ration       |       |       |     1 |     1 |       ||     2
       Pizza             |       |       |     1 |     1 |     3 ||     5
       Fruit             |       |       |       |    15 |    14 ||    29
